 Dungeon Crawl Stone Soup version 0.20-a0-1006-ge6c5631 (webtiles) character file.

70 M4edhros the Grave Robber (level 4, -1/27 HPs)
             Began as an Octopode Necromancer on Apr 14, 2017.
             Slain by an ice beast (10 damage)
             ... on level 5 of the Dungeon.
             The game lasted 00:03:44 (769 turns).

M4edhros the Grave Robber (Octopode Necromancer)     Turns: 769, Time: 00:03:45

Health: -1/27      AC:  1    Str:  7    XL:     4   Next: 21%
Magic:  7/7        EV: 13    Int: 17    God:
Gold:   93         SH:  0    Dex: 13    Spells: 2/7 levels left

rFire    . . .     SeeInvis .   h - +1 mace (protect)
rCold    . . .     Gourm    .   (no shield)
rNeg     . . .     Faith    .   (helmet restricted)
rPois    .         Spirit   .   (no amulet)
rElec    .         Reflect  .   d - ring of flight
rCorr    +         Harm     .   g - ring of resist corrosion
MR       .....                  (no ring)
Stlth    +++.......             (no ring)
Regen    0.1/turn               (no ring)
MPRegen  0.1/turn               (no ring)
                                (no ring)
                                (no ring)

@: no status effects
A: almost no armour, stealthy swim, amphibious, 8 rings, constrict 8, camouflage
1, gelatinous body 1
a: Evoke Flight


You were on level 5 of the Dungeon.
You were not hungry.

You visited 1 branch of the dungeon, and saw 5 of its levels.

You collected 93 gold pieces.

Inventory:

Hand Weapons
 h - a +1 mace of protection (weapon)
 j - a +3 hunting sling
Missiles
 k - 2 stones (quivered)
 n - 16 sling bullets
Jewellery
 d - a ring of flight (left tentacle)
 g - a ring of resist corrosion (right tentacle)
Potions
 e - a potion of agility
 i - a potion of might {unknown}
 l - a potion of curing {unknown}
 m - a potion of heal wounds {unknown}
 o - 2 potions of flight {unknown}
Books
 a - a book of Necromancy

   Spells                             Type                      Level
   a - Pain                           Necromancy                   1
   b - Animate Skeleton               Necromancy                   1
   c - Vampiric Draining              Necromancy                   3
   d - Regeneration                   Charms/Necromancy            3
   e - Animate Dead                   Necromancy                   4
   f - Control Undead                 Necromancy                   4
Comestibles
 b - 2 bread rations
 c - 8 chunks of flesh
 f - a meat ration


   Skills:
 - Level 2.0 Dodging
 - Level 2.6 Stealth
 + Level 3.7 Unarmed Combat
 - Level 2.0 Spellcasting
 - Level 4.0 Necromancy


You had 2 spell levels left.
You knew the following spells:

 Your Spells              Type           Power        Failure   Level  Hunger
a - Pain                  Necr           ###.         3%          1    #......
b - Animate Skeleton      Necr           N/A          3%          1    #......
c - Regeneration          Chrm/Necr      #.........   24%         3    ###....


Dungeon Overview and Level Annotations

Branches:
Dungeon (5/15)
 Temple: D:4-7

Altars:
Dithmenos


Innate Abilities, Weirdness & Mutations

You cannot wear most types of armour.
You are very stealthy in the water. (Stealth+)
You are amphibious.
You can wear up to eight rings at the same time.
You can use your tentacles to constrict eight enemies at once.
Your skin changes colour to match your surroundings (Stealth+).
Your rubbery body absorbs attacks. (AC +1, EV +1)


Message History

Found a meat ration.
A bullfrog skeleton comes into view.
The ice beast barely misses you.
Found a bronze wand.
You aren't carrying any items that you can evoke.
Okay, then.
Okay, then.
Casting: Animate Skeleton
Confirm with . or Enter, or press ? or * to list all spells.
Okay, then.
You hit the ice beast but do no damage.
Your weapon exudes an aura of protection.
The ice beast closely misses you.
You barely miss the ice beast.
You squeeze the ice beast, but do no damage.
The ice beast barely misses you.
You closely miss the ice beast. Your squeeze misses the ice beast.
The ice beast hits you. The ice beast freezes you! The ice beast hits you.
The ice beast freezes you!
You die...

.... ...... ....... #
........ .## .# #........
..#####$#########..#.....
##.#._.#.................. .
<.#.W.#........@.%...... ..
#.#...#..###.###Y#...## ...
#.##+##..###.........##...
#<.......#................
#...............##...##..
...........####...[...# .
##..............##....##....
#.........##.....#...>......
###.#####.###.##....#.......


You could see an ice beast.

Vanquished Creatures
  3 adders
  3 leopard geckos
  3 bats
  2 hobgoblins
  11 jackals
  2 kobolds
  2 quokkas
  2 ball pythons
  A frilled lizard (D:3)
  2 goblins (D:1)
  3 rats
34 creatures vanquished.

Vanquished Creatures (collateral kills)
  A kobold (D:1)
  A rat (D:1)
2 creatures vanquished.

Grand Total: 36 creatures vanquished

Notes
Turn   | Place    | Note
-------+----------+-------------------------------------------
     0 | D:1      | M4edhros the Octopode Necromancer began the quest for the Orb.
     0 | D:1      | Reached XP level 1. HP: 11/11 MP: 3/3
    57 | D:1      | Reached skill level 1 in Unarmed Combat
    77 | D:1      | Reached XP level 2. HP: 8/17 MP: 5/5
    80 | D:1      | Learned a level 1 spell: Animate Skeleton
   377 | D:2      | Reached XP level 3. HP: 6/21 MP: 1/6
   382 | D:2      | Learned a level 3 spell: Regeneration
   549 | D:4      | Noticed an ogre
   715 | D:5      | Entered Level 5 of the Dungeon
   718 | D:5      | Found a shadowy altar of Dithmenos.
   718 | D:5      | Noticed a phantom
   731 | D:5      | Reached XP level 4. HP: 27/27 MP: 7/7
   758 | D:5      | Noticed an ice beast
   769 | D:5      | Slain by an ice beast

Vault maps used:
D:1:      dpeg_arrival_rooms_with_view
D:2:      wad_lake_hut, overflow_temple_1_default
D:3:      nicolae_overflow_crystal_walls, marbit_many_paths,
          minmay_misc_feat_rows
D:5:      grunt_dithmenos_shadows, first_bread

Skill      XL: |  1  2  3 |
---------------+----------+-----
Unarmed Combat | 1 2 3 |  3.7
Dodging        | |  2.0
Stealth        | |  2.6
Spellcasting   | |  2.0
Necromancy     | |  4.0

Action                   |  1- 3 |  4- 6 || total
-------------------------+-------+-------++-------
Melee: Unarmed           |    19 |       ||    19
       Constrict         |    14 |     2 ||    16
       Tentacles         |     7 |     1 ||     8
       Punch             |     2 |       ||     2
       Mace              |    33 |    14 ||    47
 Fire: Hunting sling     |     2 |       ||     2
 Cast: Pain              |    18 |       ||    18
       Animate Skeleton  |    10 |       ||    10
       Regeneration      |     3 |       ||     3
  Use: Potion            |     1 |       ||     1
       Scroll            |     1 |       ||     1
 Stab: Sleeping          |     2 |       ||     2
  Eat: Chunk             |       |     1 ||     1
Armor: Skin              |     8 |     3 ||    11
Dodge: Dodged            |    60 |    14 ||    74
